 Dungeon Crawl Stone Soup version 0.30-a0-743-gbfdf073 (webtiles) character file.

Game seed: 9880375223112601627

43 Fronzalo the Trooper (level 3, -1/29 HPs)
             Began as a Demonspawn Fighter on Feb 9, 2023.
             Slain by an adder (2 damage)
             ... on level 3 of the Dungeon.
             The game lasted 00:05:03 (1502 turns).

Fronzalo the Trooper (Demonspawn Fighter)           Turns: 1502, Time: 00:05:03

Health: -1/29      AC:  6    Str: 18    XL:     3   Next: 37%
Magic:  3/3        EV:  9    Int:  9    God:
Gold:   82         SH:  5    Dex: 12    Spells: 2/2 levels left

rFire   . . .      SeeInvis .    a - +0 war axe
rCold   . . .      Faith    .    c - +1 buckler
rNeg    . . .      Spirit   .    b - +0 scale mail
rPois   .          Reflect  .    (helmet restricted)
rElec   .          Harm     .    (no cloak)
rCorr   .          Rampage  .    (no gloves)
Will    .....                    (no boots) Stlth
                                 (no amulet)
HPRegen 0.24/turn                (no ring)
MPRegen 0.08/turn                (no ring)

@: lethally poisoned (-1 -> -5)
A: horns 1
a: no special abilities


You were on level 3 of the Dungeon.
You visited 1 branch of the dungeon, and saw 3 of its levels.

You collected 82 gold pieces.

Inventory:

Hand Weapons
 a - a +0 war axe (weapon)
 e - a +1 sling of flaming
Missiles
 k - 5 javelins (quivered)
Armour
 b - a +0 scale mail (worn)
 c - a +1 buckler (worn)
Scrolls
 g - a scroll of poison
Potions
 d - a potion of might
 i - a potion of curing
 j - a potion of degeneration
 l - a potion of heal wounds {unknown}


   Skills:
 + Level 3.2 Fighting
 * Level 2.6 Axes
 + Level 3.0 Armour
 + Level 0.4 Dodging
 + Level 2.9 Shields


You had 2 spell levels left.
You didn't know any spells.
Your spell library contained the following spells:

 Spells                   Type           Power      Damage    Failure   Level
 Slow                     Hex            0%         N/A       86%         1
 Blink                    Tloc           0%         N/A       94%         2
 Lesser Beckoning         Tloc           0%         N/A       94%         2
 Momentum Strike          Conj/Tloc      0%         3d8       94%         2
 Confusing Touch          Hex            0%         N/A       99%         3
 Vampiric Draining        Necr           0%         2d6       99%         3


Dungeon Overview and Level Annotations

Branches:
Dungeon (3/15)

Altars:


Innate Abilities, Weirdness & Mutations

You have a pair of small horns on your head.


Message History

The phantom hits you.
The phantom hits you but does no damage.
You closely miss the phantom.
The phantom is lightly damaged.
The phantom hits you.
You hit the phantom.
The phantom is moderately damaged.
The phantom hits you but does no damage.
You slash the phantom!
The phantom is severely damaged.
The phantom barely misses you.
The phantom hits you but does no damage.
You hit the phantom but do no damage.
The phantom is severely damaged.
The phantom hits you.
The phantom blinks!
You blink.
Found a scroll labelled HAAGOUBBAIC.
The adder barely misses you. The adder completely misses you.
You block the phantom's attack.
You completely miss the phantom.
The phantom is severely damaged.
You closely miss the adder. You block the adder's attack. The phantom hits you.
The adder bites you but does no damage.
The phantom hits you but does no damage.
You barely miss the phantom.
The phantom is severely damaged.
You hit the adder. The adder bites you but does no damage.
The phantom hits you. The adder completely misses you.
You hit the phantom.
The phantom is severely damaged.
You barely miss the adder. The adder bites you.
* * * LOW HITPOINT WARNING * * *
The phantom closely misses you. The adder barely misses you.
The phantom hits you.
* * * LOW HITPOINT WARNING * * *
You barely miss the phantom.
The phantom is severely damaged.
You hit the adder. The adder bites you.
* * * LOW HITPOINT WARNING * * *
You are lethally poisoned!
The adder poisons you! The phantom closely misses you. The adder bites you.
You die...

#.# #.# #.# #.# ###.#
#.# ##.# ##...#####.###
##.#.##............ #
##.#.#........##.###.###
##.#.............#....?.
##.###...............#
............#.#.@....#
##.#........<..SW.....#
##....#####.#.#>......#
..)................(..#
.#....#####.#.###.).....
.#.#.## #.#.# ....###
.#.#.## #.#.# ###.#
......# #.#.. .#
.......# #.###


You could see a phantom and an adder.

Vanquished Creatures
  An adder (D:2)
  2 worms (D:2)
  3 endoplasms
  A giant cockroach (D:1)
  2 goblins
  3 hobgoblins
  4 ball pythons
  6 bats
  4 frilled lizards
  A kobold (D:1)
  2 rats (D:2)
29 creatures vanquished.

Notes
Turn   | Place    | Note
-------+----------+-------------------------------------------
     0 | D:1      | Fronzalo the Demonspawn Fighter began the quest for the
                  | Orb.
     0 | D:1      | Reached XP level 1. HP: 18/18 MP: 1/1
   536 | D:1      | Gained mutation: You have a pair of small horns on your
                  | head. [demonic ancestry]
   536 | D:1      | Reached XP level 2. HP: 24/24 MP: 2/2
   993 | D:2      | Reached XP level 3. HP: 26/29 MP: 3/3
  1488 | D:3      | Noticed a phantom
  1502 | D:3      | HP: 1/29 [adder (2)]
  1502 | D:3      | Slain by an adder

Illustrated notes

Levels and vault maps discovered:
D:1:      spicycebolla_arrival_xxxplode, layout_basic, minmay_tetromino_s4
D:2:      layout_basic, kennysheep_flooded_box, hex_medium
D:3:      layout_loops_ring

Skill      XL: |  1  2 |
---------------+-------+-----
Axes           | 2 |  2.6
Armour         | 3 |  3.0
Fighting       | |  3.2
Dodging        | |  0.4
Shields        | |  2.9

Action                     || total
---------------------------++-------
  Melee: War axe           ||    76
         Headbutt          ||     9
    Use: Scroll            ||    10
 Armour: Scale mail        ||    47
  Dodge: Dodged            ||    55
  Block: Buckler           ||    23

Table legend: (Time is in decaauts)
 A = Elapsed time spent in this place.
 B = Non-inter-level travel time spent in this place.
 C = Inter-level travel time spent in this place.
 D = Time resting spent in this place.
 E = Time spent auto-exploring this place.
 F = Levels seen in this place.
 G = Mean time per level.
                   A        B        C        D        E       F      G
               +--------+--------+--------+--------+--------+-----+--------+
         Total |   1534 |   1534 |      0 |      0 |   1096 |   3 |  511.3 |
       Dungeon |   1534 |   1534 |      0 |      0 |   1096 |   3 |  511.3 |
               +--------+--------+--------+--------+--------+-----+--------+

Top non-repeatable levels by time:
     D:1: 763 daAuts
     D:2: 645 daAuts
     D:3: 125 daAuts
